 Dungeon Crawl Stone Soup version 0.31-a0-108-gdf935468f2 (webtiles) character file.

Game seed: 11768549736715560837

2 Esekla the Sneak (level 1, -6/16 HPs)
             Began as an Octopode Delver on May 27, 2023.
             Mangled by an ufetubus (11 damage)
             ... on level 5 of the Dungeon.
             The game lasted 00:01:44 (89 turns).

Esekla the Sneak (Octopode Delver)                    Turns: 89, Time: 00:01:44

Health: -6/16      AC:  1    Str: 11    XL:     1   Next: 30%
Magic:  1/1        EV:  2    Int: 12    God:
Gold:   11         SH:  0    Dex: 13    Spells: 0/0 levels left

rFire   . . .        a - +0 falchion
rCold   . . .        (no shield)
rNeg    . . .        (helmet restricted)
rPois   .            (no amulet)
rElec   .            (no ring)
rCorr   .            (no ring)
SInv    .            (no ring)
Will    .....        (no ring)
Stlth   ++++         (no ring)
HPRegen 0.22/turn    (no ring)
MPRegen 0.07/turn    (no ring)
                     (no ring)

%: no passive effects
@: sleeping
A: almost no armour, amphibious, 8 rings, camouflage 1, gelatinous body 1,
(nimble swimmer 1), tentacles
a: no special abilities


You were on level 5 of the Dungeon.
You visited 1 branch of the dungeon, and saw 1 of its levels.

You collected 11 gold pieces.

Inventory:

Hand Weapons
 a - a +0 falchion (weapon)
Jewellery
 c - a ring of magical power
Wands
 f - a wand of digging (3)
Scrolls
 b - a scroll of fog
Potions
 e - a potion of haste
 g - a potion of degeneration {unknown}


   Skills:
 * Level 3.0 Fighting
 * Level 2.0 Long Blades
 * Level 2.0 Dodging
 + Level 6.6 Stealth


You couldn't memorise any spells.
You didn't know any spells.
Your spell library was empty.

Dungeon Overview and Level Annotations

Branches:
Dungeon (5/15)
 Temple: D:4-7

Altars:


Innate Abilities, Weirdness & Mutations

You cannot wear most types of armour.
You are amphibious.
You can wear up to eight rings at the same time.
Your skin changes colour to match your surroundings (Stealth+).
Your rubbery body absorbs attacks. (AC +1, EV +1)
((You are camouflaged when in or above water. (Stealth+)))
You have tentacles for arms and can constrict up to eight enemies at once.


Message History

g - a green potion 2 orc wizards come into view.
You see here 11 gold pieces.
You now have 11 gold pieces.
As you read the scroll of magic mapping, it crumbles to dust.
You feel aware of your surroundings.
You sensed 1 altar.
There is a stone staircase leading down here. 3 orcs come into view.
An orc comes into view. It is wielding a +0 club.
A phantom comes into view.
There is a stone staircase leading down here.
You start waiting.
An orc is nearby!
You hit the orc. You grab the orc.
The orc is lightly wounded.
You constrict the orc. The orc barely misses you.
You slash the orc!
You kill the orc!
You see here a +0 club.
There is a stone staircase leading down here.
An orc wizard comes into view. It is wielding a +0 dagger.
An adder comes into view.
Found an encrusted opal ring.
A sleepcap comes into view.
An adder comes into view.
The adder hisses angrily.
You hear a shout!
An ufetubus comes into view.
The adder bites you. x2
You see here a ring of magical power.
As you read the scroll of fear, it crumbles to dust.
You assume a fearsome visage.
The sleepcap is unaffected.
The adder looks frightened!
The sleepcap releases spores at you.
c - a ring of magical power The ufetubus closely misses you.
The ufetubus completely misses you. The sleepcap releases spores at you.
You are engulfed in a cloud of soporific spores!
You fall asleep.
The ufetubus hits you!
Ouch! That really hurt!
You die...

,,,,,,,,**,,,**,,,,*,*,,,,,,**,,,
,,,,,,****,*,,*,**,*,*,,,,,,,,,,,
,,,,,,,,,*,**,,,**,,,,.,,,,,,,,,,
,,,,,,**,*,**,*,,,,**.#*.,,,,,,,*
,,,**,**,,,,,,**,***#.,..,,,,,,,,
,,,,,,,,,**,####,,,,.,...,,,,,,,,
,,,,**,**#*,,S..,**.#....,,,,,,,*
,*,***,,,..,*##5###......,,,,**,*
,,,,,*,**,#.##.f@........,,,,****
,*,,,*,**,#....##W#........,** *
**,*,,,,,,##.#.##.#.......,,,****
***,,,,*,*#.............#*,,*,,,
*,,,,,*,,#.##.#........#*,,...,
***,,,,,,,.*,*#.#..##....#,..o..o
,,*,,,,,,,....#.....##..###......
,,,,,,,,,...............#*.......
,,,**,**,.....#..####...###...<..


You could see a phantom, a sleepcap, an adder (fleeing) and an ufetubus.

Vanquished Creatures
  An orc (D:5)
1 creature vanquished.

Notes
Turn   | Place    | Note
-------+----------+-------------------------------------------
     0 | D:5      | Esekla the Octopode Delver began the quest for the Orb.
     0 | D:5      | Reached XP level 1. HP: 16/16 MP: 1/1
    12 | D:5      | Noticed an orc wizard
    12 | D:5      | Noticed an orc wizard
    36 | D:5      | Noticed a phantom
    64 | D:5      | Noticed an orc wizard
    80 | D:5      | Noticed a sleepcap
    89 | D:5      | Mangled by an ufetubus

Illustrated notes

Levels and vault maps discovered:
D:5:      layout_cave_pools, mainiacjoe_overflow_cross_hatched,
          nicolae_letterblocks [nicolae_letter_subblock,
          nicolae_letter_subblock, nicolae_letter_subblock,
          nicolae_letter_subblock, nicolae_letter_subblock,
          nicolae_letter_subblock, nicolae_letter_subblock,
          nicolae_letter_subblock, nicolae_letter_subblock,
          nicolae_letter_subblock, nicolae_letter_subblock,
          nicolae_letter_subblock, nicolae_letter_subblock,
          nicolae_letter_subblock, nicolae_letter_subblock,
          nicolae_letter_subblock, nicolae_letter_subblock,
          nicolae_letter_subblock, nicolae_letter_subblock,
          nicolae_letter_subblock, nicolae_letter_subblock,
          nicolae_letter_subblock, nicolae_letter_subblock,
          nicolae_letter_subblock, nicolae_letter_subblock],
          uniq_crazy_yiuf_cottage

Action                     || total
---------------------------++-------
  Melee: Falchion          ||     2
         Constrict         ||     1
    Use: Scroll            ||     2
  Dodge: Dodged            ||     3

Table legend: (Time is in decaauts)
 A = Elapsed time spent in this place.
 B = Non-inter-level travel time spent in this place.
 C = Inter-level travel time spent in this place.
 D = Time resting spent in this place.
 E = Time spent auto-exploring this place.
 F = Levels seen in this place.
 G = Mean time per level.
                   A        B        C        D        E       F      G
               +--------+--------+--------+--------+--------+-----+--------+
         Total |     89 |     89 |      0 |      3 |      0 |   1 |   89.0 |
       Dungeon |     89 |     89 |      0 |      3 |      0 |   1 |   89.0 |
               +--------+--------+--------+--------+--------+-----+--------+

Top non-repeatable levels by time:
     D:5: 89 daAuts
